 Dungeon Crawl Stone Soup version 0.23-a0-447-g7b583b2f2c (webtiles) character file.

15285 Ladeesh the Geomancer (level 12, 0/105 HPs)
             Began as a Gargoyle Earth Elementalist on Nov 19, 2018.
             Was an Elder of Vehumet.
             Slain by a howler monkey (2 damage)
             ... on level 12 of the Dungeon.
             The game lasted 00:40:19 (15149 turns).

Ladeesh the Geomancer (GrEE)                       Turns: 15149, Time: 00:40:19

Health: 0/105      AC: 21    Str: 16    XL:     12   Next: 25%
Magic:  23/24      EV: 14    Int: 26    God:    Vehumet [****..]
Gold:   4392       SH:  0    Dex: 15    Spells: 14/27 levels left

rFire    . . .     SeeInvis .   D - +2 mace (crush)
rCold    . . .     Gourm    .   (no shield)
rNeg     + . .     Faith    .   i - +4 troll leather armour {Snorg}
rPois    ∞         Spirit   .   (no helmet)
rElec    +         Reflect  .   q - +1 cloak
rCorr    .         Harm     .   (no gloves)
MR       .....                  s - +0 pair of boots
Stlth    ..........             (no amulet)
HPRegen  0.67/turn              y - +4 ring of intelligence
MPRegen  0.19/turn              B - +5 ring of dexterity

@: berserking (expiring), very quick
A: negative energy resistance 1, electricity resistance, unbreathing,
petrification resistance, rot immunity, AC +8
a: Renounce Religion


You were on level 12 of the Dungeon.
You worshipped Vehumet.
Vehumet was greatly pleased with you.
You were not hungry.

You visited 2 branches of the dungeon, and saw 13 of its levels.

You collected 4392 gold pieces.

Inventory:

Hand Weapons
 D - a +2 mace of crushing (weapon)
 E - a +4 mace
Missiles
 b - 191 stones (quivered)
Armour
 c - a +0 robe
 i - a +4 troll leather armour (worn) {Snorg}
 q - a +1 cloak (worn)
 s - a +0 pair of boots (worn)
Magical Staves
 p - an uncursed staff of fire
 t - an uncursed staff of wizardry
Jewellery
 n - an uncursed amulet of regeneration {unknown}
 y - a +4 ring of intelligence (left hand)
 B - a +5 ring of dexterity (right hand)
Wands
 k - a wand of flame (16)
 l - a wand of acid (6)
 m - a wand of random effects (31)
 u - a wand of iceblast (1)
 A - a wand of paralysis (8)
Scrolls
 a - 2 scrolls of blinking
 g - 5 scrolls of fog
 w - 2 scrolls of remove curse
 z - a scroll of teleportation
 C - 2 scrolls of amnesia
Potions
 e - 3 potions of brilliance
 h - 4 potions of lignification
 j - 3 potions of might
 o - a potion of curing
 v - a potion of ambrosia
 x - a potion of haste
Comestibles
 d - 23 rations
 f - 4 chunks of flesh


   Skills:
 + Level 6.2 Fighting
 + Level 5.5 Maces & Flails
 + Level 6.2 Armour
 + Level 4.9 Dodging
 - Level 2.1 Stealth
 + Level 8.0 Spellcasting
 + Level 9.0 Conjurations
   Level 0.7 Transmutations
 + Level 3.0 Fire Magic
 + Level 10.7 Earth Magic
 + Level 5.1 Evocations


You had 14 spell levels left.
You knew the following spells:

 Your Spells              Type           Power        Failure   Level  Hunger
a - Sandblast             Erth           ######       1%          1    None
b - Stone Arrow           Conj/Erth      ######       1%          3    None
c - Lee's Rapid Deconstr  Erth           ######....   1%          5    ####...
d - Apportation           Tloc           ##....       7%          1    None
e - Conjure Flame         Conj/Fire      #####...     1%          3    None

Your spell library contained the following spells:

 Spells                   Type           Power        Failure   Level  Hunger
 Inner Flame              Hex/Fire       ###.....     3%          3    None
 Shock                    Conj/Air       ####         1%          1    None
 Sting                    Conj/Pois      ####         1%          1    None
 Passwall                 Tmut/Erth      #####...     1%          2    None
 Dazzling Spray           Conj/Hex       ####..       1%          3    None
 Mephitic Cloud           Conj/Pois/Air  ####....     1%          3    None
 Static Discharge         Conj/Air       ####....     1%          3    None
 Beastly Appendage        Tmut           ##....       4%          1    None
 Petrify                  Tmut/Erth      #####...     6%          4    ##.....
 Animate Skeleton         Necr           N/A          7%          1    None
 Confusing Touch          Hex            ##....       7%          1    None
 Corona                   Hex            ##.....      7%          1    None
 Summon Small Mammal      Summ           ##..         7%          1    None
 Sticks to Snakes         Tmut           ##......     8%          2    None
 Lightning Bolt           Conj/Air       ####......   8%          5    ####...
 Venom Bolt               Conj/Pois      ####......   8%          5    ####...
 Call Imp                 Summ           ##......     10%         2    None
 Ensorcelled Hibernation  Hex/Ice        ##....       10%         2    None
 Poisonous Vapours        Pois/Air       ##....       10%         2    None
 Swiftness                Chrm/Air       ##......     10%         2    None
 Spider Form              Tmut/Pois      ##........   17%         3    None
 Airstrike                Air            ##........   17%         4    ##.....
 Olgreb's Toxic Radiance  Pois           ##......     17%         4    ##.....
 Call Canine Familiar     Summ           ##......     21%         3    None
 Confuse                  Hex            ##......     21%         3    None
 Gell's Gravitas          Tloc           ##........   21%         3    None
 Summon Guardian Golem    Hex/Summ       ##......     21%         3    None
 Tukima's Dance           Hex            ##......     21%         3    None
 Yara's Violent Unravell  Hex/Tmut       ##........   36%         5    ####...
 Ice Form                 Ice/Tmut       ##......     50%         4    ##.....
 Summon Ice Beast         Ice/Summ       ##......     54%         4    ##.....
 Summon Lightning Spire   Summ/Air       ##......     54%         4    ##.....
 Blade Hands              Tmut           ##........   80%         5    ####...
 Metabolic Englaciation   Hex/Ice        ##........   88%         5    ####...


Dungeon Overview and Level Annotations

Branches:
Dungeon (12/15)            Temple (1/1) D:7            Lair (0/6) D:11
    Orc (0/2) D:9

Altars:
Ashenzari
Cheibriados
Dithmenos
Elyvilon
Fedhas
Gozag
Hepliaklqana
Kikubaaqudgha
Makhleb
Nemelex Xobeh
Okawaru
Qazlal
Ru
Sif Muna
Trog
Uskayaw
Vehumet
Wu Jian
Xom
Yredelemnul
Zin
The Shining One


Innate Abilities, Weirdness & Mutations

You are resistant to torment.
Your stone body is resilient. (AC +8)
You are immune to poison.
You resist negative energy. (rN+)
You are resistant to electric shocks. (rElec)
You can survive without breathing.
You are immune to petrification.
You are immune to rotting.


Message History

Unknown command.
You are too berserk!
You hit the cyclops.
The cyclops is severely wounded.
The centaur barely misses you. The cyclops barely misses you.
You sock the cyclops!
The cyclops is almost dead.
The centaur hits you.
* * * LOW HITPOINT WARNING * * *
Unknown command.
You sock the cyclops!
You kill the cyclops!
Vehumet accepts your kill.
Your Spellcasting skill increases to level 8!
Your Fire Magic skill increases to level 3!
The centaur misses you.
Unknown command.
You barely miss the centaur. The centaur misses you.
The howler monkey hits you.
You die...

# #
#...#.###########
......h@(.((....#
......c######.#.#
......h #.#.#
....... #.#.#
....... #.#.#
#>..#.( #.#.#
#..##.. #.#.# #.#
#.. #.#.# #. ..
#.#.#


You could see a centaur and 2 howler monkeys.

Vanquished Creatures
  Snorg (D:10)
  A centaur warrior (D:10)
  2 two-headed ogres
  Nergalle (D:10)
  Pikel (D:5)
  2 ugly things
  2 cyclopes
  A deep elf mage (D:12)
  A hornet (D:11)
  11 yaks
  A wyvern (D:8)
  A basilisk (D:11)
  A steam dragon (D:9)
  3 hungry ghosts
  An acid dragon (D:11)
  The ghost of YoungGLord the Digger, an amateur GrEE (D:4)
  2 soldier ants
  5 orc warriors
  3 porcupines (D:11)
  2 ice beasts
  A slave (D:5)
  5 black bears
  3 sky beasts
  2 ogres
  2 phantoms
  8 centaurs
  A big kobold (D:11)
  12 bullfrogs
  2 crocodiles (D:11)
  A gnoll sergeant (D:8)
  A water moccasin zombie (D:5)
  A water moccasin skeleton (D:9)
  11 killer bees
  4 wights (D:7)
  2 howler monkeys (D:8)
  4 crimson imps
  A bullfrog zombie (D:9)
  9 orc priests
  4 hounds
  15 orc wizards
  2 centaur skeletons
  7 jellies
  A bullfrog skeleton (D:4)
  6 iguanas
  Natasha (thrice) (D:4)
  8 worker ants
  A hound zombie (D:5)
  A hound skeleton (D:6)
  A worker ant zombie (D:4)
  4 gnolls (D:8)
  10 adders
  A shadow imp (D:10)
  5 oozes (D:10)
  2 adder zombies
  An adder skeleton (D:4)
  A worm (D:3)
  2 dart slugs
  9 leopard geckos
  46 orcs
  8 giant cockroaches
  8 hobgoblins
  9 jackals
  5 quokkas
  8 bats
  8 frilled lizards
  8 goblins
  A jackal zombie (D:5)
  20 kobolds
  8 rats
326 creatures vanquished.

Vanquished Creatures (others)
  A slave (D:5)
  A bush (D:11)
  5 fungi (D:11)
  13 plants
20 creatures vanquished.

Grand Total: 346 creatures vanquished

Notes
Turn   | Place    | Note
-------+----------+-------------------------------------------
     0 | D:1      | Ladeesh the Gargoyle Earth Elementalist began the quest for
                  | the Orb.
     0 | D:1      | Reached XP level 1. HP: 10/10 MP: 3/3
   307 | D:1      | Reached skill level 4 in Earth Magic
   307 | D:1      | Reached XP level 2. HP: 6/15 MP: 1/5
   935 | D:1      | Reached XP level 3. HP: 16/19 MP: 6/6
   977 | D:1      | Learned a level 3 spell: Stone Arrow
  1484 | D:2      | Found a glowing golden altar of the Shining One.
  2058 | D:2      | Found a hazy altar of Hepliaklqana.
  2361 | D:2      | Reached skill level 1 in Conjurations
  2637 | D:3      | Reached XP level 4. HP: 24/24 MP: 6/8
  3313 | D:3      | Found a faded altar of an unknown god.
  3313 | D:3      | Found an ornate altar of the Wu Jian Council.
  3315 | D:3      | Reached skill level 5 in Earth Magic
  3319 | D:3      | Found a glowing silver altar of Zin.
  3321 | D:3      | Found a white marble altar of Elyvilon.
  3322 | D:3      | Found a faded altar of an unknown god.
  3350 | D:3      | Reached XP level 5. HP: 28/28 MP: 9/9
  3387 | D:3      | Learned a level 5 spell: Lee's Rapid Deconstruction
  3671 | D:4      | Found a runed gate.
  3672 | D:4      | Found a runed gate.
  3673 | D:4      | Found a runed gate.
  3680 | D:4      | Noticed YoungGLord's ghost (amateur GrEE)
  3904 | D:4      | Killed YoungGLord's ghost
  3904 | D:4      | Reached XP level 6. HP: 24/32 MP: 1/11
  4082 | D:4      | Noticed Natasha
  4084 | D:4      | Killed Natasha
  4139 | D:4      | Reached skill level 6 in Earth Magic
  4174 | D:4      | Learned a level 1 spell: Apportation
  4589 | D:4      | Reached XP level 7. HP: 36/36 MP: 10/13
  4894 | D:4      | Noticed Natasha
  4898 | D:4      | Killed Natasha
  4995 | D:4      | Noticed Natasha
  4999 | D:4      | Killed Natasha
  5072 | D:5      | Entered Level 5 of the Dungeon
  5186 | D:5      | Noticed Pikel
  5192 | D:5      | Killed Pikel
  5192 | D:5      | Reached skill level 5 in Spellcasting
  5192 | D:5      | Reached skill level 5 in Conjurations
  5192 | D:5      | Reached skill level 7 in Earth Magic
  5192 | D:5      | Reached XP level 8. HP: 35/41 MP: 4/16
  5644 | D:5      | Reached skill level 8 in Earth Magic
  6078 | D:5      | Found a shimmering altar of Xom.
  6670 | D:6      | Reached skill level 1 in Fighting
  6820 | D:6      | Reached skill level 1 in Maces & Flails
  6820 | D:6      | Reached XP level 9. HP: 44/47 MP: 18/18
  6921 | D:6      | Found a basalt altar of Yredelemnul.
  6938 | D:6      | Reached skill level 1 in Armour
  7113 | D:6      | Reached skill level 1 in Evocations
  7503 | D:7      | Found a staircase to the Ecumenical Temple.
  7593 | Temple   | Entered the Ecumenical Temple
  7627 | Temple   | Became a worshipper of Vehumet
  8236 | D:7      | Found a sacrificial altar of Ru.
  8479 | D:8      | Identified a scroll of acquirement
  8616 | D:8      | Found a shadowy altar of Dithmenos.
  8748 | D:8      | Reached * piety under Vehumet
  8748 | D:8      | Offered knowledge of Sting by Vehumet.
  8749 | D:8      | Reached skill level 9 in Earth Magic
  8868 | D:8      | Reached XP level 10. HP: 39/56 MP: 19/19
  9278 | D:8      | Found a shattered altar of Ashenzari.
  9493 | D:9      | Found a staircase to the Orcish Mines.
  9631 | D:9      | Reached ** piety under Vehumet
  9857 | D:9      | Offered knowledge of Throw Frost by Vehumet.
 10629 | D:9      | Found a deep blue altar of Sif Muna.
 10629 | D:9      | Found a burning altar of Makhleb.
 11362 | D:10     | Entered Level 10 of the Dungeon
 11372 | D:10     | Noticed Nergalle
 11374 | D:10     | Noticed Snorg
 11948 | D:10     | Killed Nergalle
 11948 | D:10     | Offered knowledge of Conjure Flame by Vehumet.
 11948 | D:10     | Reached XP level 11. HP: 31/62 MP: 3/21
 12114 | D:10     | Killed Snorg
 12114 | D:10     | Reached skill level 5 in Fighting
 12114 | D:10     | Reached skill level 5 in Armour
 12114 | D:10     | Reached skill level 10 in Earth Magic
 12420 | D:10     | Learned a level 3 spell: Conjure Flame
 12506 | D:10     | Noticed a centaur warrior
 12620 | D:10     | Killed a centaur warrior
 12627 | D:10     | Reached skill level 1 in Fire Magic
 12640 | D:10     | Reached *** piety under Vehumet
 12663 | D:10     | Noticed a two-headed ogre
 12668 | D:10     | Killed a two-headed ogre
 13236 | D:11     | Noticed a red ugly thing
 13246 | D:11     | Killed a red ugly thing
 13530 | D:11     | Noticed a cyclops
 13540 | D:11     | Offered knowledge of Ignite Poison by Vehumet.
 13546 | D:11     | Killed a cyclops
 13546 | D:11     | Reached skill level 5 in Maces & Flails
 13793 | D:11     | Found a staircase to the Lair.
 13800 | D:11     | Noticed a two-headed ogre
 13836 | D:11     | Killed a two-headed ogre
 13845 | D:11     | Reached XP level 12. HP: 47/69 MP: 15/23
 14105 | D:11     | Reached **** piety under Vehumet
 14130 | D:11     | Offered knowledge of Inner Flame by Vehumet.
 14747 | D:12     | Reached skill level 5 in Evocations
 14931 | D:12     | Identified the +2 quarterstaff of Fury {crush, rC- Dex+3}
 15145 | D:12     | HP: 5/105 [centaur (4)]
 15147 | D:12     | HP: 1/105 [centaur (4)]
 15149 | D:12     | Slain by a howler monkey

Vault maps used:
D:1:      shiori_arrival_maze
D:2:      nicolae_overflow_hidden_temple, nicolae_overflow_crystal_walls,
          serial_forest, infiniplex_forest_side_room,
          infiniplex_forest_clump_diagonal, infiniplex_forest_end_1,
          infiniplex_forest_end_2, infiniplex_forest_corner_1,
          infiniplex_forest_clump_diagonal, corexii_hall_statues_l,
          skrybe_limestone_x
D:3:      chequers_temple_overflow_minitemple, serial_park_tiny_1
D:4:      gammafunk_ghost_necromancy, uniq_natasha
D:5:      first_ration, xom_teletrap_fun, uniq_pikel
D:6:      overflow_temple_1_default
D:7:      nicolae_ru_great_annihilating_truth, minmay_temple_entry_offerings
D:8:      ashenzari_conservatory_becter, grunt_dithmenos_smoke
D:9:      chequers_temple_overflow_statue_of_worship, orc_0_dummy
D:10:     hangedman_little_slice_of_home, uniq_snorg, uniq_nergalle
D:11:     minmay_lair_entry_grove
D:12:     serial_shops, shop, nrook_pool_corridor
Temple:   minmay_temple_bridge_abc

Skill      XL: |  1  2  3  4  5  6  7  8  9 10 11 12 |
---------------+-------------------------------------+-----
Earth Magic    | 4 5 6 7 8 9 10 | 10.7
Conjurations   | 1 3 5 6 7 8 9 |  9.0
Spellcasting   | 3 4 5 6 7 8 |  8.0
Fighting       | 1 3 4 5 6 |  6.2
Maces & Flails | 1 2 4 5 |  5.5
Armour         | 3 4 5 6 |  6.2
Evocations     | 2 3 4 5 |  5.1
Dodging        | 2 3 4 |  4.9
Fire Magic     | 2 3 |  3.0
Stealth        | |  2.1
Transmutations | |  0.7

Action                   |  1- 3 |  4- 6 |  7- 9 | 10-12 || total
-------------------------+-------+-------+-------+-------++-------
Melee: Short sword       |   172 |   190 |    28 |       ||   390
       Whip              |       |       |   245 |       ||   245
       Long sword        |       |       |    68 |    71 ||   139
       Flail             |       |       |     9 |       ||     9
       Mace              |       |       |       |   143 ||   143
 Cast: Sandblast         |    11 |    38 |    69 |   193 ||   311
       Stone Arrow       |       |     1 |     3 |    28 ||    32
       Lee's Rapid Decon |       |       |       |     2 ||     2
Evoke: Wand              |       |       |     3 |    19 ||    22
  Use: Scroll            |     1 |     8 |     7 |     8 ||    24
       Potion            |       |       |     1 |     8 ||     9
 Stab: Sleeping          |     1 |     2 |       |     1 ||     4
       Invisible         |       |       |     2 |       ||     2
  Eat: Chunk             |     4 |     5 |    12 |    13 ||    34
       Ration            |       |     1 |     1 |     2 ||     4
Armor: Robe              |    75 |    59 |   178 |   144 ||   456
       Troll leather arm |       |       |       |    39 ||    39
Dodge: Dodged            |   159 |   126 |   251 |   311 ||   847
       Rpst.: Long sword |       |       |    23 |    21 ||    44

Table legend:
 A = Non-vault XP
 B = Vault XP
 C = Vault XP percentage of total XP
 D = Non-vault monster count
 E = Vault monster count
 F = Vault count percentage of total count
                 A         B        C        D         E       F
            +---------+---------+-------+---------+---------+-------
      Total |   16855 |    4982 |  22.8 |     291 |      34 |  10.5
            +---------+---------+-------+---------+---------+-------
        D:1 |      47 |       3 |   6.0 |      28 |       2 |   6.7
        D:2 |      30 |       0 |   0.0 |      10 |       0 |   0.0
        D:3 |      92 |       0 |   0.0 |      30 |       0 |   0.0
        D:4 |     329 |     242 |  42.4 |      23 |       5 |  17.9
        D:5 |     701 |     617 |  46.8 |      19 |       1 |   5.0
        D:6 |     649 |       0 |   0.0 |      20 |       0 |   0.0
        D:7 |     733 |      52 |   6.6 |      15 |       4 |  21.1
        D:8 |    2179 |       0 |   0.0 |      40 |       0 |   0.0
        D:9 |    2819 |       0 |   0.0 |      30 |       0 |   0.0
       D:10 |    3352 |    2107 |  38.6 |      27 |      10 |  27.0
       D:11 |    3299 |    1961 |  37.3 |      30 |      12 |  28.6
       D:12 |    2625 |       0 |   0.0 |      19 |       0 |   0.0
            +---------+---------+-------+---------+---------+-------
